Map: Abyssal Reef LE

Players

ArchangeL - Winner!

  • Race: Terran Terran
  • Spawn Location: 11:00

Elroye

  • Race: Zerg Zerg
  • Spawn Location: 5:00

Event: WCS Valencia 2017

VOD

Have the link to the VOD?

Description

Time

  • Played on: July 13, 2017, 8:22 a.m.
  • Length: 10:08

All games in this series

Show
View Real Time Build Order
Export as new Build Order

ArchangeL Terran - Winner!

Build Orders: Reaper Expand, Hellion Banshee, MMM Bio 

Get SALT Encoding   

  12  0:00  SCV  
  13  0:12  SCV  
  14  0:17  Supply Depot  
  14  0:25  SCV  
  15  0:29  Refinery  
  15  0:39  SCV  
  16  0:44  Barracks  
  16  0:51  SCV  
  17  1:03  SCV  
  18  1:15  SCV  
  19  1:31  Orbital Command, Reaper  
  20  1:46  Command Center  
  20  1:57  SCV  
  21  2:01  Factory  
  21  2:06  Barracks Reactor  
  21  2:12  Supply Depot  
  21  2:14  SCV  
  22  2:19  Refinery  
  22  2:26  SCV  
  23  2:38  SCV  
  24  2:47  Starport  
  24  2:48  Marine  
  24  2:50  Hellion x2  
  29  2:55  SCV  
  30  3:00  Orbital Command  
  30  3:07  SCV  
  30  3:11  Barracks Tech Lab  
  33  3:12  Hellion  
  33  3:19  Hellion  
  35  3:21  SCV  
  35  3:25  SCV  
  37  3:33  SCV  
  38  3:35  Hellion  
  38  3:40  Hellion  
  44  3:51  Cloaking Field  
  44  3:52  Armory  
  44  3:55  Banshee  
  44  4:00  Supply Depot  
  44  4:02  Supply Depot  
  45  4:03  SCV  
  46  4:11  Hellion x2, SCV  
  46  4:16  SCV  
  52  4:24  SCV  
  52  4:28  SCV  
  54  4:34  Barracks Tech Lab, Supply Depot  
  54  4:36  SCV  
  54  4:38  Banshee  
  55  4:40  SCV  
  59  4:48  SCV  
  59  4:52  SCV  
  61  4:56  Stimpack, Marine  
  62  5:00  SCV, Command Center  
  62  5:04  SCV  
  64  5:12  SCV  
  64  5:13  Marine  
  66  5:16  SCV  
  62  5:25  SCV  
  56  5:28  SCV  
  56  5:31  Banshee  
  56  5:33  Factory Reactor  
  56  5:34  Barracks  
  52  5:36  Barracks, Engineering Bay  
  52  5:37  SCV  
  52  5:39  Engineering Bay  
  52  5:40  Marauder, SCV  
  56  5:48  Refinery  
  56  5:49  SCV, Refinery  
  57  5:52  SCV, Supply Depot  
  58  5:58  Bunker  
  58  5:59  Bunker  
  58  6:02  Marine  
  59  6:08  Bunker  
  59  6:09  Cyclone  
  62  6:12  Cyclone  
  62  6:18  SCV x2  
  66  6:20  Marine  
  66  6:24  Marine x3, Banshee  
  74  6:26  Orbital Command  
  74  6:30  SCV  
  75  6:34  SCV  
  75  6:38  Marine  
  76  6:41  Cyclone  
  76  6:42  Marine x2, SCV  
  76  6:45  Marine  
  76  6:46  Terran Infantry Armor Level 1, SCV, Terran Infantry Weapons Level 1  
  83  7:01  Marine x2, SCV  
  83  7:02  SCV  
  83  7:05  Marine x2  
  83  7:06  SCV  
  80  7:14  SCV, Barracks  
  81  7:17  Barracks  
  81  7:18  Marine  
  81  7:19  Marine  
  83  7:26  Combat Shields  
  83  7:27  SCV  
  83  7:29  Supply Depot  
  84  7:30  Orbital Command  
  84  7:34  Marine  
  84  7:35  Marine  
  84  7:36  Siege Tank, Medivac x2  
  94  7:51  SCV, Supply Depot x2  
  94  7:52  Marine x3, Supply Depot  
  94  7:54  Marine  
  98  8:00  SCV x2  
  98  8:03  SCV  
  101  8:12  Marine x4, Medivac x2  
  101  8:13  SCV  
  101  8:19  Siege Tank  
  109  8:21  SCV  
  109  8:22  SCV  
  109  8:23  Supply Depot  
  111  8:30  Marine x4  
  111  8:32  Barracks Tech Lab  
  111  8:33  Barracks Reactor  
  113  8:35  SCV x2, Barracks  
  113  8:36  SCV, Barracks x2  
  115  8:42  Medivac x2  
  115  8:47  SCV  
  115  8:48  Marauder, SCV, Marine x2  
  123  8:50  Supply Depot  
  125  9:00  Marine x2  
  125  9:01  Siege Tank  
  130  9:03  SCV x3  
  133  9:12  Marauder, Medivac  
  133  9:13  Refinery x2, Supply Depot  
  133  9:14  Supply Depot  
  133  9:15  SCV  
  136  9:31  Marine x2  
  136  9:32  Marine x3  
  136  9:33  Unknown x4  
  136  9:35  Marauder, Marine  
  144  9:44  Marine  
  144  9:45  Marine x2  
  144  9:49  Marine x5  
  156  9:56  SCV  
Show
View Real Time Build Order
Export as new Build Order

Elroye Zerg 

Build Orders: Pool First 

Get SALT Encoding   

  12  0:01  Drone  
  13  0:12  Overlord  
  13  0:17  Drone  
  14  0:31  Drone x2  
  14  0:35  Drone  
  17  0:40  Extractor  
  16  0:48  Spawning Pool  
  16  0:49  Drone  
  16  0:56  Drone  
  17  1:17  Hatchery  
  16  1:20  Drone  
  16  1:24  Drone  
  18  1:30  Drone  
  19  1:39  Queen  
  21  1:46  Metabolic Boost  
  21  1:52  Overlord  
  21  1:56  Zergling x2  
  22  2:14  Drone x2  
  22  2:15  Queen  
  26  2:29  Queen  
  26  2:32  Zergling x2  
  26  2:35  Drone x2  
  31  2:42  Overlord  
  31  2:47  Drone  
  31  2:48  Drone  
  33  2:52  Drone x2  
  33  2:55  Drone  
  36  3:02  Drone x2  
  38  3:06  Drone  
  39  3:19  Drone x2  
  40  3:29  Drone x2  
  42  3:35  Hatchery  
  42  3:37  Drone x2  
  42  3:39  Overlord  
  42  3:40  Drone  
  43  3:47  Zergling x4  
  44  3:48  Overlord  
  44  3:50  Roach Warren, Extractor  
  44  3:54  Drone x2  
  44  4:03  Drone x2  
  44  4:04  Overlord  
  44  4:07  Lair  
  46  4:10  Zergling x10  
  51  4:22  Overlord  
  51  4:25  Drone x2  
  51  4:29  Drone  
  54  4:32  Spore Crawler  
  54  4:33  Spore Crawler  
  54  4:34  Drone  
  51  4:49  Roach x3  
  51  4:50  Queen  
  51  4:51  Queen  
  61  4:53  Roach  
  61  4:58  Roach  
  65  5:01  Roach x3  
  65  5:02  Roach x2  
  65  5:04  Overseer  
  75  5:10  Roach x2  
  72  5:32  Zergling x6  
  72  5:34  Overlord x2  
  72  5:35  Overlord  
  75  5:36  Overlord  
  75  5:43  Overlord  
  75  5:49  Extractor  
  74  5:50  Zergling x2  
  74  5:53  Hatchery  
  74  6:00  Ravager x3  
  78  6:04  Zergling x12  
  83  6:13  Zergling x2  
  83  6:14  Zergling x8  
  88  6:19  Zergling x2  
  89  6:26  Overseer  
  89  6:27  Ravager  
  89  6:28  Zergling x4  
  89  6:29  Queen x2  
  94  6:35  Overlord  
  94  6:39  Ravager  
  89  6:42  Ravager  
  89  6:43  Overlord  
  89  6:44  Drone x6  
  68  7:16  Glial Reconstitution, Drone x3, Extractor  
  68  7:18  Evolution Chamber x2, Drone x5  
  68  7:19  Queen  
  75  7:33  Drone x3  
  75  7:34  Hatchery  
  77  7:38  Burrow  
  77  7:39  Drone x3  
  77  7:43  Extractor x2  
  78  7:56  Zerg Missile Weapons Level 1  
  78  7:59  Drone x2  
  78  8:01  Drone  
  78  8:02  Drone  
  75  8:19  Drone x2  
  74  8:20  Drone x6  
  74  8:21  Drone x2  
  82  8:31  Infestation Pit  
  81  8:42  Roach  
  81  8:43  Roach x13  
  109  8:51  Drone x4  
  109  8:53  Drone  
  117  9:02  Drone  
  117  9:03  Drone x2  
  112  9:23  Infestor x4  
  119  9:29  Evolution Chamber  
  115  9:43  Roach x3  
  115  9:44  Roach x6  
  125  9:48  Hatchery  
Tags
 
Add a new tag
Caveats
  • Supply blocks, unpowered buildings, or Contaminate may cause inaccurate times.
  • Supply counts are checked every 10 seconds.